 Dungeon Crawl Stone Soup version 0.21.1-1-g345015f (webtiles) character file.

7537 vatarom the Summoner (level 10, -11/63 HPs)
             Began as a Deep Elf Summoner on Mar 24, 2018.
             Was a Priest of Sif Muna.
             Mangled by a komodo dragon (30 damage)
             ... on level 1 of the Lair of Beasts.
             The game lasted 00:52:24 (16955 turns).

vatarom the Summoner (Deep Elf Summoner)           Turns: 16955, Time: 00:52:25

Health: -11/63     AC: 12    Str:  8    XL:     10   Next: 96%
Magic:  14/25      EV: 16    Int: 24    God:    Sif Muna [***...]
Gold:   627        SH:  0    Dex: 15    Spells: 4/28 levels left

rFire    + . .     SeeInvis +   a - +1 halberd (venom)
rCold    . . .     Gourm    .   (shield currently unavailable)
rNeg     + . .     Faith    .   C - +2 robe {rN+}
rPois    .         Spirit   .   M - +1 helmet {Int+3}
rElec    .         Reflect  .   B - +0 cloak
rCorr    .         Harm     .   y - +0 pair of gloves
MR       +....                  (no boots)
Stlth    ++........             (no amulet)
HPRegen  0.20/turn              j - ring of protection from fire
MPRegen  0.19/turn              f - ring of see invisible

@: lethally poisoned (-11 -> -18), divine energy
A: iridescent scales 1, yellow scales 1
a: Stop Divine Energy, Channel Magic, Renounce Religion


You were on level 1 of the Lair of Beasts.
You worshipped Sif Muna.
Sif Muna was most pleased with you.
You were hungry.

You visited 3 branches of the dungeon, and saw 13 of its levels.
You also visited: Labyrinth and Sewer.

You collected 627 gold pieces.

Inventory:

Hand Weapons
 a - a +1 halberd of venom (weapon)
 L - the +3 short sword "Beast's Nightmare" {venom, rN+ Dex+2 SInv}
   (You found it in a labyrinth)

   It poisons the flesh of those it strikes.
   It affects your dexterity (+2).
   It protects you from negative energy.
   It lets you see invisible.
Armour
 y - a +0 pair of gloves (worn)
 B - a +0 cloak (worn)
 C - a +2 robe of positive energy (worn)
 M - a +1 helmet of intelligence (worn)
Magical Staves
 N - an uncursed staff of poison
Jewellery
 f - a ring of see invisible (right hand)
 j - a ring of protection from fire (left hand)
 v - an uncursed ring of ice
 w - an uncursed ring of flight
 H - a cursed ring of teleportation {unknown}
 O - an uncursed ring of wizardry {unknown}
Wands
 c - a wand of iceblast (20)
 g - a wand of polymorph (29)
 u - a wand of enslavement (9)
 F - a wand of scattershot (13)
 G - a wand of disintegration (15)
 J - a wand of digging (23)
 K - a wand of paralysis (9)
 P - a wand of random effects (17)
Scrolls
 e - a scroll of blinking
 h - 4 scrolls of fear
 i - a scroll of teleportation
 m - 3 scrolls of enchant armour
 n - 2 scrolls of magic mapping {unknown}
 p - a scroll of noise {unknown}
 s - 3 scrolls of remove curse
 t - a scroll of fog
 I - a scroll of enchant weapon
Potions
 d - a potion of berserk rage {unknown}
 k - 3 potions of might
 l - 4 potions of agility {unknown}
 o - a potion of flight {unknown}
 q - 3 potions of haste {unknown}
 r - 2 potions of invisibility
 z - 2 potions of magic {unknown}
 A - a potion of brilliance {unknown}
 E - 2 potions of resistance {unknown}
 R - a potion of ambrosia {unknown}
Books
 b - a book of Callings

   Spells                             Type                      Level
   a - Summon Small Mammal            Summoning                    1
   b - Call Imp                       Summoning                    2
   c - Call Canine Familiar           Summoning                    3
   d - Summon Guardian Golem          Hexes/Summoning              3
   e - Summon Lightning Spire         Summoning/Air                4
   f - Summon Ice Beast               Ice/Summoning                4
 D - a book of Summonings

   Spells                             Type                      Level
   a - Recall                         Summoning/Translocation      3
   b - Aura of Abjuration             Summoning                    5
   c - Summon Demon                   Summoning                    5
   d - Summon Forest                  Summoning/Translocation      5
   e - Summon Mana Viper              Hexes/Summoning              5
   f - Shadow Creatures               Summoning                    6
Miscellaneous
 Q - a crystal ball of energy
Comestibles
 x - 5 rations
 S - 4 chunks of flesh


   Skills:
 - Level 7.3 Fighting
 * Level 5.9 Dodging
 - Level 2.4 Stealth
 + Level 9.7 Spellcasting
 * Level 11.5 Summonings
 + Level 6.8 Invocations


You had 4 spell levels left.
You knew the following spells:

 Your Spells              Type           Power        Failure   Level  Hunger
a - Summon Small Mammal   Summ           ####         1%          1    None
b - Call Imp              Summ           ######..     1%          2    None
c - Call Canine Familiar  Summ           ######..     1%          3    None
d - Summon Lightning Spi  Summ/Air       #####...     4%          4    #......
e - Summon Ice Beast      Ice/Summ       #####...     4%          4    #......
f - Summon Forest         Summ/Tloc      #####.....   14%         5    ####...
g - Summon Demon          Summ           ######....   1%          5    ####...


Dungeon Overview and Level Annotations

Branches:
Dungeon (11/15)            Temple (1/1) D:4            Lair (1/6) D:10
    Orc: D:9-12

Altars:
Ashenzari
Cheibriados
Dithmenos
Elyvilon
Fedhas
Gozag
Kikubaaqudgha
Makhleb
Nemelex Xobeh
Okawaru
Qazlal
Ru
Sif Muna
Trog
Uskayaw
Vehumet
Wu Jian
Xom
Yredelemnul
Zin
The Shining One

Shops:
D:7 =   D:8 (

Annotations:
D:4 Dowan; Duvessa; Shinoi's ghost, amateur DsAK
D:9 exclusion: oklob sapling


Innate Abilities, Weirdness & Mutations

You are partially covered in iridescent scales. (AC +2)
You are partially covered in yellow scales. (AC +2)


Message History

The spiny frog dies!
Sif Muna accepts your kill.
You feel sick.
Unknown command.
You feel sick.
Your ice beast hits the komodo dragon.
Your ice beast freezes the komodo dragon!
The komodo dragon bites you.
Your dryad calls out to the forest.
Vines fly forth from the trees!
You feel sick.
Your ice beast closely misses the komodo dragon.
The komodo dragon hisses menacingly.
Unknown command.
You feel sick. Branches wave dangerously above you.
Your dryad hits the komodo dragon but does no damage.
You feel sick. Tree limbs sway around you. The komodo dragon bites you!!
You die...

......┌♣.......♣.#.####+#.#
......│..##.##.######.....#
......♣\###.#.♣.# ##...⌠...
........w##..♣#####........
#.....♣......#♣♣##..⌠..>..⌠
...............##..........
...♣─...†.RY..##.......⌠...
.....──w..Yl..#...........#
....♣.....@...#..⌠..#.....#
.............#.....#...⌠..#
.♣..........♣......##.....#
.....[...♣♣........ #.....#
..............#+#.. #......
...... ..... ....#.+#...
..... .....P...........
..... ......#...........
...........


You could see a komodo dragon, a friendly dryad, 2 friendly ice beasts and 2
friendly snaplasher vines.

Vanquished Creatures
  A minotaur (Lab)
  A komodo dragon (D:9)
  6 yaks
  3 wolves
  A centaur (D:6)
  2 bullfrogs (D:11)
  2 crimson imps
  A jelly (D:10)
  3 hounds
  Jessica (D:2)
  A worker ant (D:5)
  4 adders
  2 shadow imps
  A dart slug (D:1)
  3 leopard geckos
  An orc (D:5)
  6 bats
  A giant cockroach (D:3)
  4 goblins
  A hobgoblin (D:3)
  11 jackals
  5 ball pythons
  A frilled lizard (D:2)
  3 kobolds
  6 rats
71 creatures vanquished.

Vanquished Creatures (collateral kills)
  A death yak (D:10)
  A two-headed ogre (D:11)
  A cyclops (D:11)
  An ugly thing (D:11)
  The ghost of raistware the Ducker, a novice SpBe of Trog (D:5)
  A gargoyle (D:11)
  2 spiny frogs (Lair:1)
  2 trolls
  2 hippogriffs
  Sigmund (D:3)
  11 yaks
  Eustachio (D:5)
  A human (D:9)
  A water moccasin (D:8)
  A porcupine (D:10)
  A black bear (D:10)
  An orc warrior (D:7)
  A sky beast (D:7)
  3 phantoms
  2 centaurs (D:7)
  3 wolves (Lair:1)
  6 ogres
  A crocodile (Lair:1)
  3 big kobolds
  A gnoll sergeant (D:11)
  6 bullfrogs
  2 scorpions (D:5)
  9 killer bees
  5 howler monkeys
  4 crimson imps
  A bullfrog zombie (D:3)
  A quasit (D:11)
  4 lava snakes (Lab)
  A bullfrog skeleton (D:10)
  2 orc priests
  2 gnoll shamans
  4 hounds
  3 jellies
  3 iguanas
  3 worker ants
  An orc wizard (D:11)
  3 hound skeletons
  17 gnolls
  9 adders
  3 river rats
  2 shadow imps
  2 oozes (Sewer)
  An adder zombie (D:5)
  2 adder skeletons
  2 worms (Sewer)
  A dart slug (D:1)
  7 leopard geckos
  15 orcs
  5 giant cockroaches
  A goblin (D:1)
  3 hobgoblins
  12 jackals
  17 kobolds
  2 quokkas
  7 ball pythons
  A bat (D:3)
  3 frilled lizards
  A quokka skeleton (D:8)
  12 rats
229 creatures vanquished.

Vanquished Creatures (others)
  A phantom (D:11)
  A big kobold (D:8)
  A dart slug (D:2)
  3 plants (D:9)
6 creatures vanquished.

Grand Total: 306 creatures vanquished

Notes
Turn   | Place    | Note
-------+----------+-------------------------------------------
     0 | D:1      | vatarom the Deep Elf Summoner began the quest for the Orb.
     0 | D:1      | Reached XP level 1. HP: 10/10 MP: 6/6
     3 | D:1      | Noticed a death yak
     6 | D:1      | Noticed an anaconda
   403 | D:1      | Reached XP level 2. HP: 15/16 MP: 8/8
   413 | D:1      | Learned a level 2 spell: Call Imp
   599 | D:1      | Reached skill level 1 in Fighting
   991 | D:2      | Reached XP level 3. HP: 17/20 MP: 9/9
   999 | D:2      | Learned a level 3 spell: Call Canine Familiar
  1276 | D:2      | Noticed Jessica
  1278 | D:2      | Killed Jessica
  1278 | D:2      | Reached skill level 5 in Summonings
  1360 | D:2      | Reached XP level 4. HP: 26/26 MP: 11/11
  2172 | D:3      | Found a sacrificial altar of Ru.
  2369 | D:3      | Learned a level 4 spell: Summon Lightning Spire
  2396 | D:3      | Noticed Sigmund
  2408 | D:3      | Killed Sigmund
  2408 | D:3      | Reached XP level 5. HP: 31/31 MP: 8/13
  2702 | D:4      | Noticed an ogre
  3075 | D:3      | Found a sparkling altar of Nemelex Xobeh.
  3079 | D:3      | Found a sacrificial altar of Ru.
  3103 | D:3      | Found an opulent altar of Gozag.
  3268 | D:4      | Noticed Shinoi's ghost (amateur DsAK)
  3475 | D:4      | Killed an ogre
  3475 | D:4      | Reached skill level 6 in Summonings
  3572 | D:4      | Found a staircase to the Ecumenical Temple.
  3581 | Temple   | Entered the Ecumenical Temple
  3670 | Temple   | Became a worshipper of Sif Muna the Loreminder
  3900 | D:4      | Noticed an ogre
  3980 | D:3      | Killed an ogre
  3980 | D:3      | Reached XP level 6. HP: 31/37 MP: 0/15
  4470 | D:5      | Entered Level 5 of the Dungeon
  4547 | D:5      | Learned a level 4 spell: Summon Ice Beast
  4669 | D:5      | Reached skill level 5 in Spellcasting
  4669 | D:5      | Reached skill level 1 in Invocations
  4680 | D:5      | Noticed Eustachio
  4757 | D:4      | Noticed Duvessa
  4760 | D:4      | Noticed Dowan
  5216 | D:5      | Reached XP level 7. HP: 37/41 MP: 11/16
  5367 | D:5      | Killed Eustachio
  5842 | D:5      | Noticed raistware's ghost (novice SpBe)
  5882 | D:5      | Killed raistware's ghost
  5882 | D:5      | Reached skill level 7 in Summonings
  6150 | D:6      | Found a glowing drain.
  6153 | D:6      | Reached * piety under Sif Muna
  6184 | Sewer    | Entered a sewer
  6191 | Sewer    | Reached XP level 8. HP: 28/48 MP: 17/19
  7187 | D:6      | Gained mutation: You are partially covered in yellow scales. (AC +2) [potion of mutation]
  7187 | D:6      | Gained mutation: You are partially covered in iridescent scales. (AC +2) [potion of mutation]
  7649 | D:7      | Reached skill level 8 in Summonings
  7767 | D:7      | Reached skill level 5 in Fighting
  8147 | D:7      | Found Ceoros's Jewellery Emporium.
  8613 | D:8      | Noticed a hippogriff
  8633 | D:8      | Killed a hippogriff
  8733 | D:8      | Found a shadowy altar of Dithmenos.
  8844 | D:8      | Found Ruutyju's Weapon Shoppe.
  9106 | D:8      | Found an iron altar of Okawaru.
  9469 | D:9      | Noticed a troll
  9489 | D:9      | Killed a troll
  9489 | D:9      | Reached ** piety under Sif Muna
  9489 | D:9      | Reached XP level 9. HP: 55/55 MP: 7/21
  9991 | D:9      | Noticed a komodo dragon
  9997 | D:9      | Killed a komodo dragon
  9997 | D:9      | Reached skill level 9 in Summonings
 10184 | D:10     | Entered Level 10 of the Dungeon
 10310 | D:10     | Noticed a troll
 10316 | D:10     | Killed a troll
 10621 | D:10     | Identified a scroll of acquirement
 10629 | D:10     | Learned a level 5 spell: Summon Forest
 10687 | D:10     | Reached skill level 5 in Invocations
 10690 | D:10     | Noticed a death yak
 10690 | D:10     | Noticed a death yak
 10691 | D:10     | Found a staircase to the Lair.
 10698 | D:10     | Noticed a death yak
 10708 | D:10     | Killed a death yak
 11138 | D:10     | Reached skill level 10 in Summonings
 11245 | D:10     | Learned a level 5 spell: Aura of Abjuration
 11595 | D:10     | Learned a level 5 spell: Summon Demon
 11790 | D:11     | Noticed a gargoyle
 12123 | D:11     | Noticed a cyan ugly thing
 12132 | D:11     | Killed a cyan ugly thing
 12135 | D:11     | Reached XP level 10. HP: 62/63 MP: 12/24
 12197 | D:11     | Found a labyrinth entrance.
 12240 | Lab      | Entered a labyrinth
 12320 | Lab      | Found an exit through the horrors of the Abyss.
 15126 | Lab      | Noticed a minotaur
 15144 | Lab      | Killed a minotaur
 15160 | Lab      | Got a steaming short sword
 15167 | Lab      | Identified the cursed +3 short sword "Beast's Nightmare" {venom, rN+ Dex+2 SInv} (You found it in a labyrinth)
 15343 | D:11     | Killed a gargoyle
 15366 | D:11     | Noticed a two-headed ogre
 15379 | D:11     | Killed a two-headed ogre
 15676 | D:11     | Reached *** piety under Sif Muna
 15681 | D:11     | Reached skill level 11 in Summonings
 16259 | D:11     | Reached skill level 5 in Dodging
 16303 | D:11     | Noticed a cyclops
 16316 | D:11     | Killed a cyclops
 16481 | Lair:1   | Entered Level 1 of the Lair of Beasts
 16940 | Lair:1   | Noticed a spiny frog
 16940 | Lair:1   | Noticed a spiny frog
 16948 | Lair:1   | Killed a spiny frog
 16950 | Lair:1   | Killed a spiny frog
 16955 | Lair:1   | Mangled by a komodo dragon

Skill      XL: |  1  2  3  4  5  6  7  8  9 10 |
---------------+-------------------------------+-----
Fighting       | 1 2 3 4 5 7 |  7.3
Summonings     | 5 6 7 8 10 11 | 11.5
Spellcasting   | 4 5 6 7 8 9 |  9.7
Invocations    | 1 2 4 5 6 |  6.8
Dodging        | 5 |  5.9
Stealth        | |  2.4

Action                   |  1- 3 |  4- 6 |  7- 9 | 10-12 || total
-------------------------+-------+-------+-------+-------++-------
Melee: Unarmed           |     5 |       |       |       ||     5
       Dagger            |    38 |    90 |       |       ||   128
       Quarterstaff      |       |    11 |    85 |       ||    96
       Halberd           |       |       |    59 |    51 ||   110
 Cast: Summon Small Mamm |    14 |     7 |       |       ||    21
       Call Imp          |    14 |    21 |    53 |       ||    88
       Call Canine Famil |     3 |    20 |    38 |     7 ||    68
       Summon Lightning  |       |    16 |    16 |     8 ||    40
       Summon Ice Beast  |       |       |    13 |    15 ||    28
       Summon Forest     |       |       |     8 |    12 ||    20
       Summon Demon      |       |       |     2 |     2 ||     4
       Aura of Abjuratio |       |       |     1 |       ||     1
Invok: Divine Energy     |       |       |     1 |       ||     1
Evoke: Wand              |       |       |     1 |     5 ||     6
  Use: Scroll            |     2 |     7 |    14 |     3 ||    26
       Potion            |       |     4 |     4 |       ||     8
 Stab: Sleeping          |     7 |     6 |     2 |     2 ||    17
       Distracted        |       |     1 |     2 |       ||     3
  Eat: Chunk             |     2 |     3 |    12 |     5 ||    22
       Ration            |       |     4 |     5 |     4 ||    13
Armor: Robe              |    17 |    41 |    66 |    32 ||   156
Dodge: Dodged            |    54 |   124 |   153 |    72 ||   403
